 Dungeon Crawl Stone Soup version 0.27.1-33-g824d729ab1 (webtiles) character file.

Game seed: 2638646894844923451

350 Agamemnon the Covered (level 6, -1/79 HPs)
             Began as a Minotaur Fighter on Nov 30, 2021.
             Was an Initiate of the Shining One.
             Slain by a two-headed ogre (13 damage)
             ... on level 4 of the Dungeon.
             The game lasted 00:37:41 (5465 turns).

Agamemnon the Covered (Minotaur Fighter)            Turns: 5465, Time: 00:37:46

Health: -1/79      AC: 23    Str: 23    XL:     6   Next: 34%
Magic:  5/5        EV:  2    Int:  5    God:    the Shining One [......]
Gold:   182        SH: 10    Dex:  9    Spells: 5/5 levels left

rFire    . . .     SeeInvis .   a - +0 war axe
rCold    . . .     Faith    .   c - +0 kite shield
rNeg     + + +     Spirit   .   (armour currently unavailable)
rPois    +         Reflect  .   (helmet currently unavailable)
rElec    .         Harm     .   (cloak currently unavailable)
rCorr    .         Rampage  .   (gloves currently unavailable)
Will     +....     NoTele   +   (boots currently unavailable)
Stlth    +.........             (no amulet)
HPRegen  0.23/turn              e - ring of willpower
MPRegen  0.09/turn              n - ring of poison resistance

@: tree-form, glowing
A: stationary, stasis, torment immunity, boosted hp, (horns 2), (retaliatory
headbutt)
a: Renounce Religion


You were on level 4 of the Dungeon.
You worshipped the Shining One.
The Shining One was noncommittal.
You were a tree.
You visited 2 branches of the dungeon, and saw 6 of its levels.

You collected 182 gold pieces.

Inventory:

Hand Weapons
 a - a +0 war axe (weapon)
 j - a +2 short sword of speed
 t - a +1 trident of venom
Missiles
 v - 9 poisoned darts (quivered)
Armour
 c - a +0 kite shield (worn)
 p - a +0 plate armour (melded)
 q - a +0 cloak of stealth (melded)
Jewellery
 e - a ring of willpower (left branch)
 h - a ring of see invisible
 i - a ring of magical power
 n - a ring of poison resistance (right branch)
Wands
 b - a wand of iceblast (5)
 o - a wand of mindburst (16)
Scrolls
 f - 4 scrolls of identify
 g - a scroll of fear {unknown}
 k - a scroll of enchant weapon {unknown}
 l - 2 scrolls of teleportation {unknown}
 x - a scroll of brand weapon {unknown}
Potions
 d - a potion of might
 m - a potion of ambrosia
 r - a potion of attraction
 s - 2 potions of curing
 u - a potion of lignification
 w - a potion of heal wounds {unknown}


   Skills:
 + Level 4.4 Fighting
 + Level 4.9 Axes
 + Level 6.0 Armour
 + Level 0.8 Dodging
 + Level 0.5 Stealth
 + Level 4.7 Shields


You had 5 spell levels left.
You didn't know any spells.
Your spell library contained the following spells:

 Spells                   Type           Power      Damage    Failure   Level
 Magic Dart               Conj           0%         1d3       89%         1
 Searing Ray              Conj           0%         3d3       96%         2
 Frozen Ramparts          Ice            0%         1d2       99%         3
 Gell's Gravitas          Tloc           0%         N/A       99%         3
 Lesser Beckoning         Tloc           0%         N/A       99%         3
 Teleport Other           Tloc           0%         N/A       99%         3
 Fulminant Prism          Conj/Hex       0%         3d6       100%        4
 Ice Form                 Ice/Tmut       0%         N/A       100%        4
 Summon Ice Beast         Ice/Summ       0%         N/A       100%        4


Dungeon Overview and Level Annotations

Branches:
Dungeon (5/15)             Temple (1/1) D:4

Altars:
Cheibriados
Dithmenos
Elyvilon
Gozag
Kikubaaqudgha
Makhleb
Qazlal
Ru
Trog
Uskayaw
Wu Jian
Xom
Yredelemnul
Zin
The Shining One

Annotations:
D:3 Sigmund


Innate Abilities, Weirdness & Mutations

You are a tree.
Your roots penetrate the ground, keeping you stationary.
You cannot be teleported.
You are immune to unholy pain and torment.
Your maximum health is greatly increased.
Your equipment is partially melded.
((You have a pair of horns on your head.))
((You reflexively headbutt those who attack you in melee.))


Message History

n - a ring of poison resistance (right hand)
You drop a +3 quarterstaff of chaos.
Found a blackened ivory wand.
Found a glowing silver altar of Zin.
b - a wand of iceblast (5)
Found 15 gold pieces.
You now have 182 gold pieces (gained 15).
You see here a +0 leather armour.
Found 29 stones.
Found a stone staircase leading down.
Found a potion of curing.
s - 2 potions of curing (gained 1)
Found a kite shield.
A two-headed ogre comes into view.
It is wielding a +0 giant spiked club and a +0 giant club.
The two-headed ogre shouts in stereo!
Throw: 10 darts (poison)
Press: ? - help, Q - select action, (/) - cycle Shift-Dir - straight line, f - two-headed ogre
Aim: a two-headed ogre, wielding a +0 giant spiked club and a +0 giant club (72% to hit)
You throw a poisoned dart.
The poisoned dart hits the two-headed ogre.
The two-headed ogre completely misses you.
The two-headed ogre hits you with a +0 giant club!!
There is a stone staircase leading down here.
There is a stone staircase leading up here.
You block the two-headed ogre's attack.
The two-headed ogre hits you with a +0 giant club!!
* * * LOW HITPOINT WARNING * * *
You climb upwards.
There is a stone staircase leading down here.
There is a stone staircase leading up here.
The two-headed ogre hits you with a +0 giant spiked club.
The two-headed ogre hits you with a +0 giant club!
* * * LOW HITPOINT WARNING * * *
You turn into a tree.
Your +0 cloak of stealth melds into your body.
Your +0 plate armour melds into your body.
You feel less stealthy.
Your roots penetrate the ground.
You block the two-headed ogre's attack.
The two-headed ogre hits you with a +0 giant club!
You die...

..............)....##....##......
....##########......#######......
....#........#......#....######+#
....#.[......#......#............
....').......#......#............
....#[.......'......#............
##'#######...#......#...>........
..<##...######......##...##......
........#....#..♣....#...##......
........#....#..O....#)..........
........#....'.>.....'...........
'####...##...#.......#...........
....#...##...#.......############
....#...##...######..............
....#...##...##...#..............
....#.............#..............
....#.............#..............


You could see a two-headed ogre.

Vanquished Creatures
  A necrophage (D:4)
  A scorpion (D:5)
  Crazy Yiuf (D:3)
  Jessica (D:3)
  Ijyb (D:3)
  An orc wizard (D:4)
  2 adders
  An adder skeleton (D:4)
  3 worms (D:3)
  7 orcs (D:4)
  6 ball pythons
  7 endoplasms
  4 giant cockroaches
  4 hobgoblins
  4 jackals (D:1)
  9 kobolds
  4 quokkas
  4 bats
  5 frilled lizards
  2 goblins
  5 rats
73 creatures vanquished.

Notes
Turn   | Place    | Note
-------+----------+-------------------------------------------
     0 | D:1      | Agamemnon the Minotaur Fighter began the quest for the Orb.
     0 | D:1      | Reached XP level 1. HP: 19/19 MP: 0/0
   328 | D:1      | Reached skill level 4 in Armour
   416 | D:1      | Reached XP level 2. HP: 23/26 MP: 1/1
  1446 | D:3      | Noticed Ijyb
  1447 | D:3      | Noticed Jessica
  1451 | D:3      | Killed Ijyb
  1452 | D:3      | Reached XP level 3. HP: 26/33 MP: 2/2
  2057 | D:3      | Reached XP level 4. HP: 11/40 MP: 3/3
  2686 | D:3      | Noticed Sigmund
  3104 | D:3      | Killed Jessica
  3105 | D:3      | Reached skill level 5 in Armour
  3459 | D:3      | Found a runed translucent door.
  3460 | D:3      | Noticed Crazy Yiuf
  3470 | D:3      | Killed Crazy Yiuf
  3471 | D:3      | Reached XP level 5. HP: 5/46 MP: 4/4
  4279 | D:5      | Entered Level 5 of the Dungeon
  4608 | D:4      | Noticed a necrophage
  4613 | D:4      | Killed a necrophage
  4614 | D:4      | Reached XP level 6. HP: 52/52 MP: 5/5
  4622 | D:4      | Found a staircase to the Ecumenical Temple.
  4636 | Temple   | Entered the Ecumenical Temple
  4651 | Temple   | Became a worshipper of the Shining One
  5158 | D:5      | Reached skill level 6 in Armour
  5202 | D:5      | Found a glowing silver altar of Zin.
  5335 | D:5      | Noticed a two-headed ogre
  5465 | D:4      | Slain by a two-headed ogre

Illustrated notes

Levels and vault maps discovered:
D:1:      evilmike_arrival_rings, layout_loops_ring
D:2:      layout_loops_corners, kennysheep_cross_room
D:3:      layout_basic, serial_corexii_hall, corexii_hall_statues_deadend,
          chequers_hall_statues_y, minmay_misc_feat_ornament, minmay_vboxes,
          uniq_ijyb, uniq_crazy_yiuf_cottage, uniq_jessica, uniq_sigmund
D:4:      layout_gridville, minmay_temple_entry_large_hall
D:5:      layout_basic, mainiacjoe_overflow_tiny_flanked,
          nicolae_wooded_promenade
Temple:   eino_narrow_crystal_temple

Skill      XL: |  1  2  3  4  5  6 |
---------------+-------------------+-----
Armour         | 4 5 6 |  6.0
Shields        | 4 |  4.7
Fighting       | 4 |  4.4
Axes           | 3 4 |  4.9
Dodging        | |  0.8
Stealth        | |  0.5

Action                   |  1- 3 |  4- 6 || total
-------------------------+-------+-------++-------
Melee: War axe           |    80 |    94 ||   174
       Headbutt          |     8 |    14 ||    22
Throw: Dart              |       |     1 ||     1
  Use: Scroll            |       |     3 ||     3
       Potion            |       |     1 ||     1
Armor: Scale mail        |    33 |    20 ||    53
       Plate armour      |       |    24 ||    24
Dodge: Dodged            |    28 |    31 ||    59
Block: Kite shield       |    46 |    65 ||   111
